 Dungeon Crawl Stone Soup version 0.30-a0-1161-g0704695555 (webtiles) character file.

Game seed: 16451765649163265771

730 NinjaNoafa the Magician (level 7, -1/50 HPs)
             Began as a Yellow Draconian Conjurer on Apr 27, 2023.
             Slain by a mummy (5 damage)
             ... in an ossuary.
             The game lasted 00:10:52 (4155 turns).

NinjaNoafa the Magician (Yellow Draconian Conjurer) Turns: 4155, Time: 00:10:53

Health: -1/50      AC:  6    Str:  9    XL:     7   Next: 44%
Magic:  15/26      EV: 12    Int: 26    God:
Gold:   166        SH:  0    Dex: 10    Spells: 17/20 levels left

rFire   . . .        a - staff of air
rCold   . . .        (no shield)
rNeg    . . .        (body armour unavailable)
rPois   .            (helmet restricted)
rElec   +            (no cloak)
rCorr   +            (no gloves)
SInv    .            (no boots)
Will    .....        i - amulet of faith
Stlth   ++           k - ring of magical power
HPRegen 0.28/turn    n - +6 ring of intelligence
MPRegen 0.20/turn

%: faith
@: no status effects
A: spit acid, AC +6, unfitting armour, cold-blooded, acid resistance
a: Breathe Acid


You were in an ossuary.
You visited 1 branch of the dungeon, and saw 5 of its levels.
You also visited: Sewer and Ossuary.

You collected 214 gold pieces.
You spent 48 gold pieces at shops.

Inventory:

Hand Weapons
 b - a +0 vampiric dagger
Missiles
 c - 5 boomerangs
 h - 18 poisoned darts
Magical Staves
 a - a staff of air (weapon)
Jewellery
 i - an amulet of faith (around neck)
 k - a ring of magical power (left hand)
 n - a +6 ring of intelligence (right hand)
Wands
 q - a wand of flame (21)
Scrolls
 g - 4 scrolls of magic mapping
 j - a scroll of poison
 l - 2 scrolls of silence
 m - 2 scrolls of fear
 p - 4 scrolls of teleportation
 t - a scroll of enchant armour {unknown}
 x - 3 scrolls of enchant weapon {unknown}
 z - a scroll of butterflies {unknown}
Potions
 d - a potion of magic
 e - a potion of attraction
 f - 3 potions of curing
 o - a potion of haste
 r - a potion of resistance
 s - a potion of lignification {unknown}
 u - 2 potions of flight
 v - a potion of brilliance {unknown}
 w - 2 potions of heal wounds {unknown}


   Skills:
 - Level 1.7 Dodging
 - Level 1.7 Stealth
 + Level 7.0 Spellcasting
 + Level 5.2 Conjurations
 + Level 1.2 Translocations


You had 17 spell levels left.
You knew the following spells:

 Your Spells              Type           Power      Damage    Failure   Level
a - Magic Dart            Conj           100%       1d8       1%          1
b - Searing Ray           Conj           72%        2d7       1%          2

Your spell library contained the following spells:

 Spells                   Type           Power      Damage    Failure   Level
 Dazzling Flash           Conj/Hex       44%        N/A       6%          3
 Iskenderun's Mystic Bla  Conj/Tloc      25%        2d7       17%         4
 Fulminant Prism          Conj/Hex       11%        3d8       22%         4


Dungeon Overview and Level Annotations

Branches:
Dungeon (5/15)              Sewer (visited)         Ossuary (1/1)
 Temple: D:4-7

Altars:
Dithmenos
Ru

Shops:
D:1 ?[   D:4 ?

Annotations:
D:4 Pikel


Innate Abilities, Weirdness & Mutations

You can spit globs of acid.
Your golden yellow scales are hard. (AC +6)
You cannot fit into any form of body armour.
You are cold-blooded and may be slowed by cold attacks.
You are resistant to acid. (rCorr)


Message History

Confirm with . or Enter, or press ? or * to list all spells.
Aiming: Searing Ray (safe; 1% risk of failure)
Press: ? - help, Shift-Dir - straight line The searing ray hits the mummy!
The mummy is moderately damaged.
The searing ray hits the mummy!
The mummy is moderately damaged. (Press . to maintain the ray.)
The searing ray hits the mummy.
The mummy is heavily damaged.
The searing ray hits the mummy!
The mummy is almost destroyed.
The searing ray hits the mummy.
The mummy is severely damaged.
The searing ray hits the mummy.
The mummy is almost destroyed.
The mummy hits you.
The searing ray hits the mummy!
You destroy the mummy!
The searing ray hits the mummy!
The mummy is heavily damaged.
The searing ray hits the hobgoblin zombie!
The hobgoblin zombie is almost destroyed.
You finish channelling your searing ray.
A mummy comes into view.
The mummy barely misses you.
A mummy comes into view.
The mummy completely misses you.
A mummy comes into view.
The mummy hits you! The kobold zombie closely misses you.
You hit the mummy but do no damage.
You tail-slap the mummy, but do no damage.
The kobold zombie barely misses you.
You hit the mummy but do no damage. The mummy hits you.
* * * LOW HITPOINT WARNING * * *
The mummy hits you!
* * * LOW HITPOINT WARNING * * *
The mummy hits you.
You die...

##############
...M...M@M...##
....####ZM....##
.. ##..##MM....#
..##....##Z....#
................#
..............##
.............##
#.......Z##+#
#......##


You could see 6 mummies, a hobgoblin zombie and a kobold zombie.

Vanquished Creatures
  A black bear (D:4)
  An ice beast (D:5)
  A phantom (D:4)
  A hound (D:4)
  An iguana (D:4)
  An orc wizard (D:3)
  2 mummies (Ossuary)
  Robin (D:2)
  A gnoll (D:1)
  9 river rats
  13 adders
  5 worms
  5 dart slugs
  6 orcs
  13 bats
  9 endoplasms
  4 giant cockroaches
  2 gnoll zombies (Ossuary)
  8 hobgoblins
  5 jackals
  10 kobolds
  7 quokkas
  12 ball pythons
  5 frilled lizards
  14 goblins
  A jackal zombie (D:5)
  2 kobold zombies (Ossuary)
  An orc zombie (Ossuary)
  5 rats
  A rat zombie (D:5)
147 creatures vanquished.

Notes
Turn   | Place    | Note
-------+----------+-------------------------------------------
     0 | D:1      | NinjaNoafa the Draconian Conjurer began the quest for the
                  | Orb.
     0 | D:1      | Reached XP level 1. HP: 14/14 MP: 3/3
   187 | D:1      | Found Urrequl's Antique Armour Boutique.
   235 | D:1      | Reached XP level 2. HP: 16/20 MP: 0/5
   243 | D:1      | Learned a level 2 spell: Searing Ray
   711 | D:1      | Reached skill level 5 in Conjurations
   711 | D:1      | Reached XP level 3. HP: 26/26 MP: 1/6
   738 | D:1      | Found The Oracle's Delphic Readings.
  1144 | D:2      | Found a faded altar of an unknown god.
  1163 | D:2      | Noticed Robin
  1317 | D:2      | Reached skill level 3 in Spellcasting
  1319 | D:2      | Reached XP level 4. HP: 31/33 MP: 8/8
  1343 | D:2      | Killed Robin
  1401 | D:2      | Found a sacrificial altar of Ru.
  1837 | D:3      | Reached skill level 4 in Spellcasting
  1837 | D:3      | Reached XP level 5. HP: 38/38 MP: 10/11
  1874 | D:3      | Found a glowing drain.
  1883 | Sewer    | Entered a sewer
  2113 | Sewer    | Reached skill level 5 in Spellcasting
  2202 | Sewer    | Reached XP level 6. HP: 45/45 MP: 13/13
  2807 | D:3      | Found a sacrificial altar of Ru.
  3495 | D:4      | Found Cut Isea's Magic Scroll Boutique.
  3498 | D:4      | Bought a scroll of identify for 24 gold pieces
  3498 | D:4      | Bought a scroll of identify for 24 gold pieces
  3512 | D:4      | Reached skill level 6 in Spellcasting
  3610 | D:4      | Noticed Pikel
  3708 | D:4      | Your scales start taking on a golden yellow colour.
  3708 | D:4      | Reached XP level 7. HP: 50/50 MP: 16/16
  3708 | D:4      | Gained mutation: You are resistant to acid. (rCorr) [Yellow
                  | Draconian growth]
  3946 | D:4      | Found a shadowy altar of Dithmenos.
  4081 | D:5      | Entered Level 5 of the Dungeon
  4093 | D:5      | Found a sand-covered staircase.
  4102 | D:5      | Reached skill level 7 in Spellcasting
  4102 | D:5      | Reached skill level 1 in Translocations
  4113 | Ossuary  | Entered an ossuary
  4155 | Ossuary  | Slain by a mummy

Illustrated notes

Levels and vault maps discovered:
D:1:      dpeg_arrival_brainrot, layout_loops_ring, serial_shops,
          nicolae_shop_pleasant_corner_grove,
          hangedman_abyss_or_decor_lesser_grid, solitary_fountain,
          nicolae_nh_oracle_at_delphi
D:2:      layout_basic, basic_altar, chequers_ecumenical_altar_simple,
          dk_vineyard_3, uniq_robin
D:3:      layout_loops_corners, nicolae_ru_great_annihilating_truth,
          gup_sewer_entry_spiral
D:4:      layout_basic, grunt_dithmenos_smoke_and_mirrors, serial_shops,
          kennysheep_mini, uniq_pikel
D:5:      layout_basic, nicolae_wu_jian_wuxing_cycle, enter_ossuary_3,
          minmay_misc_feat_doors, uniq_blork_the_orc
Ossuary:  ossuary_tomb_3

Skill      XL: |  1  2  3  4  5  6  7 |
---------------+----------------------+-----
Conjurations   | 5 |  5.2
Spellcasting   | 3 4 5 6 7 |  7.0
Translocations | 1 |  1.2
Dodging        | |  1.7
Stealth        | |  1.7

Action                     |  1- 3 |  4- 6 |  7- 9 || total
---------------------------+-------+-------+-------++-------
  Melee: Unarmed           |     5 |       |       ||     5
         Flail             |    12 |       |       ||    12
         Short sword       |    20 |       |       ||    20
         Tailslap          |     3 |     1 |     1 ||     5
         Staff             |     3 |    22 |     2 ||    27
         Dagger            |       |    21 |       ||    21
   Cast: Magic Dart        |    22 |    53 |       ||    75
         Searing Ray       |    13 |    48 |    11 ||    72
Ability: Breathe Acid      |       |       |     2 ||     2
    Use: Scroll            |       |     9 |     1 ||    10
         Potion            |       |     3 |       ||     3
   Stab: Sleeping          |     1 |       |       ||     1
 Armour: Skin              |    17 |    44 |     4 ||    65
  Dodge: Dodged            |    36 |    91 |     9 ||   136

Table legend: (Time is in decaauts)
 A = Elapsed time spent in this place.
 B = Non-inter-level travel time spent in this place.
 C = Inter-level travel time spent in this place.
 D = Time resting spent in this place.
 E = Time spent auto-exploring this place.
 F = Levels seen in this place.
 G = Mean time per level.
                   A        B        C        D        E       F      G
               +--------+--------+--------+--------+--------+-----+--------+
         Total |   4348 |   4113 |    235 |     85 |   2741 |   7 |  621.1 |
       Dungeon |   3337 |   3102 |    235 |      0 |   2204 |   5 |  667.4 |
         Sewer |    968 |    968 |      0 |     85 |    536 |   1 |  968.0 |
       Ossuary |     42 |     42 |      0 |      0 |      1 |   1 |   42.0 |
               +--------+--------+--------+--------+--------+-----+--------+

Top non-repeatable levels by time:
     D:3: 1023 daAuts
     D:1: 987 daAuts
   Sewer: 968 daAuts
     D:2: 703 daAuts
     D:4: 591 daAuts
 Ossuary: 42 daAuts
     D:5: 31 daAuts
